 Dungeon Sprint DCSS version 0.23.0 (webtiles) character file.

Game seed: 12724283538913124366

424 Infinimo the Martial Artist (level 6, -3/43 HPs)
             Began as a Merfolk Transmuter on Feb 17, 2019.
             Was an Initiate of Okawaru.
             Shot with an arrow by a centaur warrior (17 damage)
             ... in the Dungeon (Sprint I: "Red Sonja").
             The game lasted 00:01:24 (814 turns).

Infinimo the Martial Artist (Merfolk Transmuter)     Turns: 814, Time: 00:01:25

Health: -3/43      AC:  2    Str: 12    XL:     6   Next: 96%
Magic:  7/9        EV: 21    Int: 12    God:    Okawaru [......]
Gold:   212        SH:  0    Dex: 20    Spells: 0/9 levels left

rFire    . . .     SeeInvis .     - Unarmed
rCold    . . .     Gourm    .   (shield currently unavailable)
rNeg     . . .     Faith    .   (armour currently unavailable)
rPois    x         Spirit   .   (helmet currently unavailable)
rElec    .         Reflect  .   (cloak currently unavailable)
rCorr    .         Harm     .   (gloves currently unavailable)
MR       .....     NoTele   +   (boots currently unavailable)
Stlth    ++........             (no amulet)
HPRegen  0.14/turn              (no ring)
MPRegen  0.11/turn              (no ring)

@: spider-form
A: tiny, (change form in water), (swift swim), (stealthy swim)
a: End Transformation, Renounce Religion


You were in the Dungeon.
You worshipped Okawaru.
Okawaru was noncommittal.
You were not hungry.
You were a venomous arachnid creature.
You visited 1 branch You collected 317 gold pieces.
You spent 105 gold pieces at shops.

Inventory:

Missiles
 a - 12 arrows
Armour
 b - a +0 robe (melded)
Scrolls
 j - 2 scrolls of blinking
Potions
 e - a potion of curing
 g - a potion of haste
 h - 2 potions of magic
Comestibles
 d - a ration


   Skills:
 - Level 1.1 Fighting
 - Level 2.6 Dodging
 * Level 12.8 Unarmed Combat
 - Level 2.0 Spellcasting
 + Level 11.0 Transmutations


You couldn't memorise any spells.
You knew the following spells:

 Your Spells              Type           Power        Failure   Level  Hunger
a - Beastly Appendage     Tmut           ####..       2%          1    ##.....
b - Spider Form           Tmut/Pois      ##........   22%         3    ####...
c - Blade Hands           Tmut           ####......   22%         5    ######.

Your spell library contained the following spells:

 Spells                   Type           Power        Failure   Level  Hunger
 Sticks to Snakes         Tmut           ####....     3%          2    ###....
 Ice Form                 Ice/Tmut       ##......     50%         4    #####..


Dungeon Overview and Level Annotations

Branches:
Dungeon (1/1)

Altars:
Cheibriados
Dithmenos
Elyvilon
Fedhas
Gozag
Hepliaklqana
Kikubaaqudgha
Nemelex Xobeh
Okawaru
Qazlal
Ru
Sif Muna
Trog
Uskayaw
Vehumet
Wu Jian
Yredelemnul
Zin
The Shining One

Shops:
D ?


Message History

There is an open door here.
You bite the centaur warrior!
The centaur warrior is poisoned.
The centaur warrior is moderately wounded.
The centaur warrior hits you!
The centaur warrior looks as sick as possible!
The centaur warrior is moderately wounded.
The centaur warrior hits you.
A centaur warrior comes into view.
The centaur warrior looks as sick as possible!
The centaur warrior is heavily wounded.
Something unseen opens the door.
The centaur warrior moves out of view.
You bite the centaur warrior!
The centaur warrior looks as sick as possible!
The centaur warrior is severely wounded.
The centaur warrior hits you!
* * * LOW HITPOINT WARNING * * *
You feel much better. The centaur warrior hits you!
The centaur warrior wields a +0 shortbow.
The centaur warrior shoots an arrow.
The arrow hits you!
You die...

################
#<.#..)).#..'..#
#..').#..'..#..+
#..#####'#####'# ##
#..####..#...#s####:§#
#..#__####..##.#§§§..#
#..#_____##'#_cc≈≈§§
#⌠⌠#_.∩...'..._#≈≈§§§#
####_..__##_.#+##§####
#_____###+# [%)
####### ###


You could see 2 centaur warriors.

Vanquished Creatures
  Sigmund (D)
  A yak (D)
  An ogre (D)
  A jelly (D)
  Ijyb (D)
5 creatures vanquished.

Notes
Turn   | Place    | Note
-------+----------+-------------------------------------------
     0 | D        | Infinimo the Merfolk Transmuter began the quest for the
                  | Orb.
     0 | D        | Reached XP level 1. HP: 15/15 MP: 3/3
     1 | D        | Noticed Ijyb
    13 | D        | Killed Ijyb
    13 | D        | Reached skill level 6 in Unarmed Combat
    13 | D        | Reached skill level 5 in Transmutations
    13 | D        | Reached XP level 2. HP: 18/21 MP: 5/5
    13 | D        | Reached XP level 3. HP: 22/26 MP: 6/6
    14 | D        | Noticed an ogre
    19 | D        | Killed an ogre
    19 | D        | Reached skill level 8 in Unarmed Combat
    19 | D        | Reached XP level 4. HP: 24/32 MP: 7/7
   166 | D        | Learned a level 3 spell: Spider Form
   175 | D        | Noticed Sigmund
   200 | D        | Killed Sigmund
   200 | D        | Reached skill level 11 in Unarmed Combat
   200 | D        | Reached XP level 5. HP: 6/37 MP: 5/8
   200 | D        | Reached XP level 6. HP: 7/43 MP: 5/9
   470 | D        | Found a deep blue altar of Sif Muna.
   471 | D        | Found an ornate altar of the Wu Jian Council.
   472 | D        | Found a radiant altar of Vehumet.
   480 | D        | Reached skill level 10 in Transmutations
   610 | D        | Found Zuumit's Magic Scroll Emporium.
   610 | D        | Found an ancient bone altar of Kikubaaqudgha.
   610 | D        | Found a hazy altar of Hepliaklqana.
   610 | D        | Found a stormy altar of Qazlal.
   610 | D        | Found a hide-covered altar of Uskayaw.
   610 | D        | Found a blossoming altar of Fedhas.
   610 | D        | Found a bloodstained altar of Trog.
   610 | D        | Found an iron altar of Okawaru.
   610 | D        | Found a basalt altar of Yredelemnul.
   610 | D        | Found a glowing golden altar of the Shining One.
   610 | D        | Found a snail-covered altar of Cheibriados.
   610 | D        | Found a sacrificial altar of Ru.
   610 | D        | Found a glowing silver altar of Zin.
   610 | D        | Found a shadowy altar of Dithmenos.
   610 | D        | Found a white marble altar of Elyvilon.
   610 | D        | Noticed a yak
   619 | D        | Killed a yak
   619 | D        | Reached skill level 12 in Unarmed Combat
   759 | D        | Learned a level 5 spell: Blade Hands
   760 | D        | Found an opulent altar of Gozag.
   761 | D        | Found a sparkling altar of Nemelex Xobeh.
   766 | D        | Became a worshipper of Warmaster Okawaru
   792 | D        | Bought a scroll of blinking for 105 gold pieces
   801 | D        | Noticed a centaur warrior
   810 | D        | Noticed a centaur warrior
   814 | D        | Shot with an arrow by a centaur warrior

Skill      XL: |  1  2  3  4  5  6 |
---------------+-------------------+-----
Unarmed Combat | 6 8 11 12 | 12.8
Transmutations | 5 7 9 11 | 11.0
Fighting       | |  1.1
Dodging        | |  2.6
Spellcasting   | |  2.0

Action                   |  1- 3 |  4- 6 || total
-------------------------+-------+-------++-------
Melee: Unarmed           |    12 |    20 ||    32
       Punch             |     1 |       ||     1
 Cast: Spider Form       |       |     4 ||     4
  Use: Potion            |     1 |     1 ||     2
Armor: Robe              |     1 |       ||     1
Dodge: Dodged            |     3 |    12 ||    15
